 Dungeon Crawl Stone Soup version 0.20-a0-537-g052e6ba (webtiles) character file.

282 Dharzhak the Covered (level 6, -3/52 HPs)
             Began as a Minotaur Fighter on Jan 29, 2017.
             Slain by an orc warrior
             ... wielding a +1 flail of holy wrath
              (14 damage)
             ... on level 3 of the Dungeon.
             The game lasted 00:06:57 (2975 turns).

Dharzhak the Covered (Minotaur Fighter)             Turns: 2975, Time: 00:06:57

Health: -3/52      AC:  9    Str: 21    XL:     6   Next: 6%
Magic:  5/5        EV:  6    Int:  5    God:
Gold:   132        SH:  9    Dex: 11    Spells: 5/5 levels left

rFire    . . .     SeeInvis .   a - +0 war axe
rCold    . . .     Gourm    .   w - +0 chain mail
rNeg     . . .     Faith    .   c - +0 shield
rPois    .         Spirit   .   (helmet restricted)
rElec    .         Reflect  .   (no cloak)
rCorr    .         Harm     .   (no gloves)
MR       .....                  (no boots)
Stlth    ..........             (no amulet)
Regen    0.2/turn               (no ring)
                                (no ring)

@: no status effects
A: retaliatory headbutt, horns 2
a: no special abilities


You were on level 3 of the Dungeon.
You were not hungry.

You visited 1 branch of the dungeon, and saw 4 of its levels.

You collected 132 gold pieces.

Inventory:

Hand Weapons
 a - a +0 war axe (weapon)
 i - a +2 mace of draining
 v - a +0 war axe
Missiles
 n - 4 tomahawks (quivered)
Armour
 b - a +0 scale mail
 c - a +0 shield (worn)
 w - a +0 chain mail (worn)
Scrolls
 e - 2 scrolls of amnesia {unknown}
 g - a scroll of immolation {unknown}
 j - 2 scrolls of enchant armour {unknown}
 l - a scroll of fear {unknown}
 m - a scroll of identify {unknown}
 o - a scroll of remove curse {unknown}
 p - a scroll of teleportation {unknown}
Potions
 f - a potion of magic {unknown}
 k - a potion of lignification {unknown}
 q - a potion of curing {unknown}
 r - a potion of cure mutation {unknown}
 s - a potion of haste {unknown}
 t - 2 potions of heal wounds {unknown}
 u - a potion of invisibility {unknown}
Comestibles
 d - 2 chunks of flesh
 h - a meat ration


   Skills:
 + Level 4.3 Fighting
 + Level 4.9 Axes
 + Level 1.0 Throwing
 + Level 5.0 Armour
 + Level 1.5 Dodging
 + Level 0.6 Stealth
 + Level 4.5 Shields


You had 5 spell levels left.
You didn't know any spells.

Dungeon Overview and Level Annotations

Branches:
Dungeon (4/15)
 Temple: D:4-7

Altars:
Fedhas
Qazlal


Innate Abilities, Weirdness & Mutations

You reflexively headbutt those who attack you in melee.
You have a pair of horns on your head.


Message History

The orc warrior hits you with a flail of holy wrath!
Unknown command.
You closely miss the orc warrior. Your headbutt misses the orc warrior.
The orc warrior is heavily wounded.
You block the orc warrior's attack.
The orc warrior hits you but does no damage.
Unknown command.
You hit the orc warrior.
The orc warrior is heavily wounded.
The orc warrior barely misses you. You furiously retaliate!
You headbutt the orc warrior. You barely miss the orc warrior.
The orc warrior is severely wounded.
The orc warrior hits you with a flail of holy wrath!
* * * LOW HITPOINT WARNING * * *
Unknown command.
You hit the orc warrior but do no damage.
The orc warrior is severely wounded.
The orc warrior hits you with a flail of holy wrath!
You die...

#..###.#............#
##...................#
##..###.......[.......#
...## #...............#
.###
#...............###########
##
##........>.....#..........
#
#(...............#########
# #..............### ##.. #
#........@.....# #..#
#.......)o[....## ##.##
#..........##...### #..##
#.#....<....#...<.####.##.
#.#......#.....##..#......
#.#.#.##.##...............
#.#...##.##...............
###
#.#...#..##...............
..#
##.#>..#..##...............


You could see an orc warrior.

Vanquished Creatures
  The ghost of MetaCosm the Grasshopper, an amateur SpWr (D:3)
  3 orc wizards
  3 adders
  2 oozes (D:3)
  3 dart slugs
  5 leopard geckos
  11 orcs
  A ball python (D:2)
  6 bats
  3 giant cockroaches
  4 goblins
  9 hobgoblins
  4 jackals (D:1)
  8 kobolds
  2 quokkas (D:3)
  2 frilled lizards
  16 rats
83 creatures vanquished.

Notes
Turn   | Place    | Note
-------+----------+-------------------------------------------
     0 | D:1      | Dharzhak the Minotaur Fighter began the quest for the Orb.
     0 | D:1      | Reached XP level 1. HP: 19/19 MP: 0/0
   149 | D:1      | Reached XP level 2. HP: 27/27 MP: 1/1
   218 | D:1      | Reached skill level 4 in Armour
   770 | D:1      | Reached XP level 3. HP: 26/33 MP: 2/2
  1240 | D:2      | Found a blossoming altar of Fedhas.
  1485 | D:2      | Reached skill level 1 in Dodging
  1485 | D:2      | Reached XP level 4. HP: 35/40 MP: 3/3
  1945 | D:3      | Noticed MetaCosm's ghost (amateur SpWr)
  1968 | D:3      | HP: 2/40 [MetaCosm's ghost (5)]
  2405 | D:3      | Killed MetaCosm's ghost
  2405 | D:3      | Reached XP level 5. HP: 39/46 MP: 4/4
  2594 | D:3      | Reached skill level 5 in Armour
  2727 | D:3      | Found a stormy altar of Qazlal.
  2849 | D:4      | Reached skill level 1 in Throwing
  2849 | D:4      | Reached XP level 6. HP: 34/52 MP: 5/5
  2961 | D:3      | Noticed an orc warrior
  2975 | D:3      | Slain by an orc warrior

Vault maps used:
D:1:      dpeg_arrival_ratfight
D:2:      old_standard_altar
D:3:      grunt_qazlal_sundering
D:4:      kennysheep_little_box, grunt_temple_overflow_open,
          minmay_temple_entry_glass, serial_shops, shop, shop, shop,
          serial_bayou_pond_b, makhleb_heckhound_becter, uniq_eustachio

Skill      XL: |  1  2  3  4  5 |
---------------+----------------+-----
Armour         | 4 5 |  5.0
Fighting       | 4 |  4.3
Axes           | 3 4 |  4.9
Shields        | 4 |  4.5
Dodging        | 1 |  1.5
Throwing       | 1 |  1.0
Stealth        | |  0.6

Action                   |  1- 3 |  4- 6 || total
-------------------------+-------+-------++-------
Melee: War axe           |    97 |    92 ||   189
       Headbutt          |    18 |    15 ||    33
Throw: Tomahawk          |     6 |     5 ||    11
  Use: Potion            |       |     1 ||     1
  Eat: Chunk             |     2 |     1 ||     3
       Bread ration      |       |     1 ||     1
Armor: Scale mail        |    68 |    45 ||   113
       Chain mail        |       |     3 ||     3
Dodge: Dodged            |    35 |    36 ||    71
Block: Shield            |    59 |    48 ||   107
